 Dungeon Crawl Stone Soup version 0.29-a0-486-ga88943ba61 (webtiles) character file.

Game seed: 5856578093249975903

399 Bruhh the Magician (level 7, -3/45 HPs)
             Began as a Djinni Earth Elementalist on May 26, 2022.
             Shot with a sling bullet by a goblin (6 damage)
             ... on level 4 of the Dungeon.
             The game lasted 00:06:50 (3844 turns).

Bruhh the Magician (Djinni Earth Elementalist)      Turns: 3844, Time: 00:06:50

Health: -3/45      AC:  3    Str:  7    XL:     7   Next: 10%
Gold:   193        EV: 12    Int: 33    God:
                   SH:  0    Dex: 17

rFire   + + .      SeeInvis .   m - +4 trident "Nopobrit" {holy, rPois Will- rCorr Int+8 Dex+4}
rCold   x . .      Faith    .   (no shield)
rNeg    . . .      Spirit   .   b - +0 robe
rPois   ∞          Reflect  .   (no helmet)
rElec   .          Harm     .   p - +0 cloak
rCorr   +          Rampage  .   (no gloves)
Will    .....                   (boots unavailable)
Stlth   ++........              (no amulet)
HPRegen 0.15/turn               t - +6 ring of intelligence
MPRegen 0.00/turn               j - ring of willpower

@: flying, very slightly contaminated, invisible
A: sickness immunity, fire resistance 2, cold vulnerability 1, float, innate
caster, HP casting, extra vitality 1
a: no special abilities


You were on level 4 of the Dungeon.
You visited 1 branch of the dungeon, and saw 4 of its levels.

You collected 193 gold pieces.

Inventory:

Hand Weapons
 m - the +4 trident "Nopobrit" (weapon) {holy, rPois Will- rCorr Int+8 Dex+4}
   (You found it on level 2 of the Dungeon)

   It has been blessed by the Shining One to cause great damage to the undead
   and demons.
   Int:       It affects your intelligence (+8).
   Dex:       It affects your dexterity (+4).
   rPois:     It protects you from poison.
   rCorr:     It protects you from acid and corrosion.
   Will:      It decreases your willpower.
Missiles
 a - 28 stones
Armour
 b - a +0 robe (worn)
 p - a +0 cloak (worn)
Jewellery
 f - a ring of resist corrosion
 j - a ring of willpower (right hand)
 t - a +6 ring of intelligence (left hand)
 u - a ring of ice
Wands
 s - a wand of charming (3)
 w - a wand of flame (26)
Scrolls
 c - a scroll of amnesia {unknown}
 d - 3 scrolls of vulnerability {unknown}
 g - 3 scrolls of poison {unknown}
 h - 7 scrolls of identify {unknown}
 q - a scroll of teleportation {unknown}
 r - a scroll of blinking {unknown}
 v - a scroll of magic mapping {unknown}
Potions
 e - a potion of magic
 k - a potion of mutation {unknown}
 o - a potion of curing {unknown}


   Skills:
 - Level 2.1 Dodging
 - Level 1.5 Stealth
 + Level 5.7 Spellcasting


You had one spell level left.
You knew the following spells:

 Your Spells              Type           Power      Damage    Failure   Level
a - Sandblast             Erth           94%        2d19      1%          1
b - Passwall              Tmut/Erth      39%        N/A       1%          2
c - Stone Arrow           Conj/Erth      94%        3d12      1%          3
d - Petrify               Tmut/Erth      47%        N/A       4%          4
e - Freeze                Ice            100%       1d11      1%          1
f - Static Discharge      Conj/Air       47%        N/A       1%          2
g - Swiftness             Air            47%        N/A       1%          3
Your spell library was empty.

Dungeon Overview and Level Annotations

Branches:
Dungeon (4/15)
 Temple: D:4-7

Altars:


Innate Abilities, Weirdness & Mutations

You are immune to sickness and miasma.
You are immune to poison.
Your flesh is very heat resistant. (rF++)
You are vulnerable to cold. (rC-)
You float through the air rather than walking.
You learn spells naturally, not from books.
Your magical power is your life essence.
You have superior vitality. (+4 MHP)


Message History

The blast of sand misses the phantom.
The blast of sand hits the goblin!!
You kill the goblin!
a - 28 stones
* * * LOW HITPOINT WARNING * * *
The phantom closely misses you.
Unknown command.
It was a potion of flight.
You feel more buoyant. The phantom hits you.
* * * LOW HITPOINT WARNING * * *
It was a potion of ambrosia.
You are confused.
You feel invigorated. The phantom hits you.
* * * LOW HITPOINT WARNING * * *
Okay, then.
The phantom hits you but does no damage.
The phantom hits you but does no damage.
The phantom hits you!
* * * LOW HITPOINT WARNING * * *
You feel less invigorated.
You feel less confused.
The phantom hits you but does no damage.
Casting: Sandblast (safe; 1% risk of failure)
Confirm with . or Enter, or press ? or * to list all spells.
Aiming: Stone Arrow (safe; 1% risk of failure)
Press: ? - help, Shift-Dir - straight line, f/p - phantom
Aim: a phantom (67% to hit)
The stone arrow hits the phantom!
The phantom is heavily damaged.
* * * LOW HITPOINT WARNING * * *
The phantom hits you!
* * * LOW HITPOINT WARNING * * *
The phantom blinks!
You blink.
Found 9 gold pieces.
The goblin unwields a +0 dagger.
The goblin wields a +0 hunting sling.
The goblin shoots a sling bullet.
The sling bullet hits you.
* * * LOW HITPOINT WARNING * * *
It was a potion of invisibility.
You fade into invisibility!
The goblin shoots a sling bullet.
The sling bullet hits you.
You die...

..# .$. #.# #.#
#######. #..
###....... ##.##
#........# #...#
#.#.#.##.# #.@W#
#..###.#.# #...###
#.#.#.....
###...##.#
#.##.#.#.# .....!.
#.##.##.#.#.#
....g.)###)..##.#.#
.
......g§#)#####.#.#
# ####...##§##
#†#.### #...####
#.#.... #. #...#


You could see a phantom (can't see you), a hobgoblin (can't see you) and a
goblin (can't see you).

Vanquished Creatures
  Crazy Yiuf (D:2)
  An orc priest (D:4)
  A hound (D:4)
  Ijyb (D:3)
  Natasha (thrice) (D:2)
  3 orc wizards (D:4)
  7 gnolls
  An adder (D:3)
  A worm (D:3)
  2 dart slugs (D:2)
  4 orcs (D:4)
  2 bats
  7 endoplasms
  2 giant cockroaches
  4 goblins
  2 hobgoblins
  4 jackals (D:2)
  5 kobolds
  3 quokkas
  7 ball pythons
  A frilled lizard (D:1)
  2 rats
64 creatures vanquished.

Vanquished Creatures (others)
  A fungus (D:2)
1 creature vanquished.

Grand Total: 65 creatures vanquished

Notes
Turn   | Place    | Note
-------+----------+-------------------------------------------
     0 | D:1      | Bruhh the Djinni Earth Elementalist began the quest for the
                  | Orb.
     0 | D:1      | Reached XP level 1. HP: 15/15 MP: 0/0
    67 | D:1      | Reached XP level 2. HP: 14/21 MP: 0/0
   176 | D:1      | Reached skill level 3 in Spellcasting
   401 | D:1      | Reached XP level 3. HP: 24/25 MP: 0/0
   401 | D:1      | Learned a level 1 spell: Freeze
   458 | D:1      | Found a faded altar of an unknown god.
  1285 | D:2      | Identified the +4 trident "Nopobrit" {holy, rPois Will-
                  | rCorr Int+8 Dex+4}
  1434 | D:2      | Noticed Natasha
  1441 | D:2      | Killed Natasha
  1442 | D:2      | Reached XP level 4. HP: 21/31 MP: 0/0
  1627 | D:2      | Found a runed translucent door.
  1628 | D:2      | Noticed Crazy Yiuf
  1628 | D:2      | Noticed Natasha
  1901 | D:2      | Killed Natasha
  1902 | D:2      | Reached skill level 4 in Spellcasting
  1902 | D:2      | Reached XP level 5. HP: 28/35 MP: 0/0
  1902 | D:2      | Learned a level 2 spell: Static Discharge
  1903 | D:2      | Killed Crazy Yiuf
  1924 | D:2      | Noticed Natasha
  2063 | D:2      | Killed Natasha
  2583 | D:3      | Reached XP level 6. HP: 32/40 MP: 0/0
  2796 | D:3      | Reached skill level 5 in Spellcasting
  3254 | D:3      | Noticed Ijyb
  3260 | D:3      | Killed Ijyb
  3821 | D:4      | Reached XP level 7. HP: 28/45 MP: 0/0
  3821 | D:4      | Learned a level 3 spell: Swiftness
  3844 | D:4      | Shot with a sling bullet by a goblin

Illustrated notes

Levels and vault maps discovered:
D:1:      dpeg_arrival_three_same_balls, layout_loops_ring,
          nicolae_ecumenical_lake_church
D:2:      layout_loops_ring, minmay_misc_feat_rows, uniq_natasha,
          uniq_crazy_yiuf_cottage
D:3:      layout_basic, uniq_ijyb
D:4:      layout_loops_cross, biasface_ghost_orc_armoury

Skill      XL: |  1  2  3  4  5  6 |
---------------+-------------------+-----
Spellcasting   | 3 4 5 |  5.7
Dodging        | |  2.1
Stealth        | |  1.5

Action                   |  1- 3 |  4- 6 |  7- 9 || total
-------------------------+-------+-------+-------++-------
Melee: Trident           |       |    11 |     8 ||    19
 Cast: Sandblast         |    47 |       |     1 ||    48
       Stone Arrow       |       |    37 |     5 ||    42
  Use: Potion            |       |     1 |     3 ||     4
 Stab: Sleeping          |       |     1 |       ||     1
Armor: Robe              |     3 |     1 |     4 ||     8
Dodge: Dodged            |    13 |     9 |     9 ||    31

Table legend: (Time is in decaauts)
 A = Elapsed time spent in this place.
 B = Non-inter-level travel time spent in this place.
 C = Inter-level travel time spent in this place.
 D = Time resting spent in this place.
 E = Time spent auto-exploring this place.
 F = Levels seen in this place.
 G = Mean time per level.
                   A        B        C        D        E       F      G
               +--------+--------+--------+--------+--------+-----+--------+
         Total |   3847 |   3771 |     76 |    360 |   3011 |   4 |  961.8 |
       Dungeon |   3847 |   3771 |     76 |    360 |   3011 |   4 |  961.8 |
               +--------+--------+--------+--------+--------+-----+--------+

Top non-repeatable levels by time:
     D:2: 1514 daAuts
     D:3: 1171 daAuts
     D:1: 924 daAuts
     D:4: 237 daAuts
